 Dungeon Crawl Stone Soup version 0.30.0-29-ga12c61a403 (webtiles) character file.

Game seed: 4674416890175790276

1957 Bnni the Geomancer (level 9, 0/66 HPs)
             Began as a Formicid Earth Elementalist on June 6, 2023.
             Was a Believer of Cheibriados.
             Slain by an orc warrior
             ... wielding a +1 vampiric long sword
              (9 damage)
             ... on level 7 of the Dungeon.
             The game lasted 00:11:35 (6574 turns).

Bnni the Geomancer (Formicid Earth Elementalist)    Turns: 6574, Time: 00:11:36

Health: 0/66       AC: 12    Str: 18    XL:     9   Next: 42%
Magic:  2/16       EV: 11    Int: 24    God:    Cheibriados [**....]
Gold:   341        SH:  6    Dex: 19    Spells: 7/17 levels left

rFire   . . .        c - +2 dagger (drain)
rCold   . . .        p - +0 buckler
rNeg    + . .        x - +0 ring mail
rPois   .            (helmet unavailable)
rElec   .            E - +0 cloak
rCorr   .            F - +0 pair of gloves
SInv    +            g - +0 pair of boots
Will    .....        (no amulet)
Stlth   ++           s - ring of positive energy
HPRegen 0.31/turn    l - +4 ring of protection
MPRegen 0.15/turn

%: no passive effects
@: very slow
A: permanent stasis, dig shafts and tunnels, antennae 3, four strong arms
a: Dig, Shaft Self, Renounce Religion, Bend Time


You were on level 7 of the Dungeon.
You worshipped Cheibriados.
Cheibriados was pleased with you.
You visited 2 branches of the dungeon, and saw 8 of its levels.

You collected 341 gold pieces.

Inventory:

Hand Weapons
 c - a +2 dagger of draining (weapon)
Missiles
 q - 4 poisoned darts
Armour
 g - a +0 pair of boots (worn)
 p - a +0 buckler (worn)
 x - a +0 ring mail (worn)
 B - a +0 chain mail
 E - a +0 cloak (worn)
 F - a +0 pair of gloves (worn)
Jewellery
 l - a +4 ring of protection (right hand)
 s - a ring of positive energy (left hand)
Wands
 v - a wand of charming (7)
 z - a wand of mindburst (25)
Scrolls
 a - a scroll of magic mapping {unknown}
 d - a scroll of noise {unknown}
 f - 2 scrolls of summoning
 h - a scroll of acquirement {unknown}
 i - 2 scrolls of vulnerability {unknown}
 j - a scroll of teleportation {unknown}
 o - a scroll of torment {unknown}
 r - a scroll of poison {unknown}
 u - a scroll of enchant weapon {unknown}
 y - 2 scrolls of fear {unknown}
 A - a scroll of amnesia {unknown}
Potions
 b - a potion of invisibility {unknown}
 e - 5 potions of curing
 k - a potion of cancellation {unknown}
 m - 2 potions of attraction {unknown}
 n - 2 potions of mutation {unknown}
 t - a potion of brilliance {unknown}
 C - a potion of might {unknown}


   Skills:
 + Level 4.4 Fighting
 + Level 2.7 Armour
 - Level 1.7 Dodging
 - Level 2.4 Stealth
 + Level 4.1 Shields
 + Level 4.7 Spellcasting
 - Level 3.0 Conjurations
 - Level 3.0 Transmutations
 * Level 8.1 Earth Magic
 * Level 5.7 Invocations


You had 7 spell levels left.
You knew the following spells:

 Your Spells              Type           Power      Damage    Failure   Level
a - Sandblast             Erth           88%        2d18      1%          1
b - Passwall              Tmut/Erth      26%        N/A       3%          2
c - Stone Arrow           Conj/Erth      64%        3d11      6%          3
d - Petrify               Tmut/Erth      32%        N/A       21%         4

Your spell library contained the following spells:

 Spells                   Type           Power      Damage    Failure   Level
 Magic Dart               Conj           80%        1d7       6%          1
 Foxfire                  Conj/Fire      48%        2x1d6     11%         1
 Necrotise                Necr           20%        1d5       21%         1
 Call Imp                 Summ           10%        N/A       30%         2
 Cigotuvi's Dreadful Rot  Necr/Pois/Air  10%        N/A       30%         2
 Lesser Beckoning         Tloc           10%        N/A       30%         2
 Poisonous Vapours        Pois/Air       10%        N/A       30%         2
 Dazzling Flash           Conj/Hex       24%        N/A       32%         3
 Ignite Poison            Fire/Tmut/Pois 10%        N/A       36%         3
 Mephitic Cloud           Conj/Pois/Air  10%        N/A       36%         3
 Gell's Gravitas          Tloc           5%         N/A       52%         3
 Teleport Other           Tloc           5%         N/A       52%         3
 Vampiric Draining        Necr           5%         2d6       52%         3
 Fireball                 Conj/Fire      6%         3d5       96%         5
 Freezing Cloud           Conj/Ice/Air   5%         6-21      98%         5
 Agony                    Necr           5%         N/A       99%         5
 Silence                  Hex/Air        2%         N/A       99%         5
 Plasma Beam              Fire/Air       2%         2x1d14    100%        6
 Starburst                Conj/Fire      6%         6d4       100%        6


Dungeon Overview and Level Annotations

Branches:
Dungeon (7/15)             Temple (1/1) D:4

Altars:
Ashenzari
Cheibriados
Elyvilon
Fedhas
Kikubaaqudgha
Makhleb
Ru
Uskayaw
Wu Jian
Xom
Yredelemnul
Zin

Shops:
D:4 (


Innate Abilities, Weirdness & Mutations

You cannot be hasted, slowed, berserked, paralysed or teleported.
You can dig through walls and to a lower floor.
You have a pair of large antennae on your head. (SInv)
Your four strong arms can wield two-handed weapons with a shield.


Message History

The blast of sand hits the orc warrior but does no damage.
The orc warrior hits you with a +1 vampiric long sword.
* * * LOW HITPOINT WARNING * * *
Throw: throwing net
Press: ? - help, Shift-Dir - straight line, f/p - orc warrior
Aim: an orc warrior, wielding a +1 vampiric long sword and wearing a +0 plate armour (63% to hit)
You throw a throwing net. The throwing net hits the orc warrior.
The orc warrior is caught in the net!
The orc warrior struggles against the net.
Aiming: Sandblast (safe; 1% risk of failure)
Press: ? - help, Q - select action, (/) - cycle Shift-Dir - straight line, f/p - orc warrior
Aim: an orc warrior, wielding a +1 vampiric long sword and wearing a +0 plate armour (entangled in a net, 100% to hit)
The blast of sand hits the orc warrior but does no damage.
The orc warrior struggles against the net. x2
Unknown command.
Casting: Sandblast (safe; 1% risk of failure)
Confirm with . or Enter, or press ? or * to list all spells.
Okay, then.
Aiming: Sandblast (safe; 1% risk of failure)
Press: ? - help, Q - select action, (/) - cycle Shift-Dir - straight line, f/p - orc warrior
Aim: an orc warrior, wielding a +1 vampiric long sword and wearing a +0 plate armour (entangled in a net, 100% to hit)
The blast of sand hits the orc warrior!
The orc warrior is moderately wounded.
The orc warrior struggles against the net.
Aiming: Sandblast (safe; 1% risk of failure)
Press: ? - help, Q - select action, (/) - cycle Shift-Dir - straight line, f/p - orc warrior
Aim: an orc warrior, wielding a +1 vampiric long sword and wearing a +0 plate armour (moderately wounded, entangled in a net, 100% to hit)
The blast of sand hits the orc warrior.
The orc warrior is moderately wounded.
The orc warrior struggles against the net.
The net rips apart, and the orc warrior comes free!
The orc warrior hits you with a +1 vampiric long sword.
* * * LOW HITPOINT WARNING * * *
Throw: 5 darts (poison)
Press: ? - help, Shift-Dir - straight line, f/p - orc warrior
Aim: an orc warrior, wielding a +1 vampiric long sword and wearing a +0 plate armour (moderately wounded, 63% to hit)
You throw a poisoned dart.
The poisoned dart barely misses the orc warrior.
The orc warrior hits you with a +1 vampiric long sword!
You die...

## .#
##g#####.######
...{{{...#.....
###......#
#......#.# #.#)####
#.#)# ####.##.#@###
...)....o...#
##.######.#.# #
##.##.#.# #
#.##.#.#.#.##..
#.##.#.#...........
#........##.#.###..
#..............>
#.##...<#..##.###


You could see an orc warrior.

Vanquished Creatures
  2 water moccasins (D:6)
  A black bear (D:6)
  An ice beast (D:5)
  An ogre (D:7)
  A bullfrog (D:4)
  A gnoll sergeant (D:7)
  3 scorpions (D:5)
  5 wights (D:6)
  A howler monkey (D:6)
  3 jellies (D:6)
  2 gnoll boudas
  4 hounds
  Crazy Yiuf (D:5)
  An orc priest (D:6)
  3 sleepcaps
  4 iguanas
  Natasha (thrice) (D:3)
  18 gnolls
  5 adders
  A white imp (D:5)
  An ufetubus (D:5)
  A dart slug (D:1)
  4 orcs
  An endoplasm (D:2)
  A giant cockroach (D:1)
  7 goblins
  6 hobgoblins
  2 jackals (D:3)
  4 kobolds
  9 quokkas
  3 ball pythons
  4 bats
  2 frilled lizards
  3 rats
  A spectral goblin (D:3)
110 creatures vanquished.

Notes
Turn   | Place    | Note
-------+----------+-------------------------------------------
     0 | D:1      | Bnni the Formicid Earth Elementalist began the quest for
                  | the Orb.
     0 | D:1      | Reached XP level 1. HP: 13/13 MP: 3/3
   248 | D:1      | Reached XP level 2. HP: 19/19 MP: 3/5
   276 | D:1      | Learned a level 2 spell: Passwall
  1146 | D:2      | Reached skill level 4 in Earth Magic
  1240 | D:2      | Reached XP level 3. HP: 25/25 MP: 0/6
  1305 | D:2      | Learned a level 3 spell: Stone Arrow
  1336 | D:2      | Found a hide-covered altar of Uskayaw.
  1400 | D:2      | Reached skill level 1 in Fighting
  1759 | D:3      | Reached XP level 4. HP: 32/32 MP: 4/7
  1765 | D:3      | Reached skill level 1 in Shields
  1891 | D:3      | Noticed Natasha
  1895 | D:3      | Killed Natasha
  1896 | D:3      | Reached XP level 5. HP: 37/37 MP: 2/9
  1985 | D:3      | Noticed Natasha
  1991 | D:3      | Killed Natasha
  2150 | D:3      | Noticed Natasha
  2177 | D:3      | Killed Natasha
  2178 | D:3      | Reached skill level 5 in Earth Magic
  2355 | D:3      | Found a faded altar of an unknown god.
  2730 | D:4      | Found Vefoekhlo's Antique Weapon Shoppe.
  2779 | D:4      | Reached XP level 6. HP: 23/44 MP: 3/10
  2936 | D:4      | Reached skill level 1 in Conjurations
  3014 | D:4      | Found a staircase to the Ecumenical Temple.
  3042 | Temple   | Entered the Ecumenical Temple
  3046 | Temple   | Became a worshipper of Cheibriados the Contemplative
  3921 | D:5      | Entered Level 5 of the Dungeon
  4001 | D:5      | Found an ornate altar of the Wu Jian Council.
  4027 | D:5      | Found a basalt altar of Yredelemnul.
  4139 | D:5      | Noticed an ice beast
  4146 | D:5      | Killed an ice beast
  4147 | D:5      | Reached skill level 1 in Invocations
  4147 | D:5      | Reached XP level 7. HP: 41/51 MP: 5/11
  4546 | D:5      | Found a blossoming altar of Fedhas.
  4691 | D:5      | Reached skill level 6 in Earth Magic
  4909 | D:5      | Reached * piety under Cheibriados
  4910 | D:5      | Reached XP level 8. HP: 58/58 MP: 11/13
  5105 | D:5      | Found a runed translucent door.
  5106 | D:5      | Noticed Crazy Yiuf
  5112 | D:5      | Killed Crazy Yiuf
  5484 | D:6      | Found a broken altar of Ashenzari.
  5903 | D:6      | Reached ** piety under Cheibriados
  5904 | D:6      | Reached skill level 1 in Armour
  5904 | D:6      | Reached skill level 7 in Earth Magic
  5943 | D:6      | Reached XP level 9. HP: 22/63 MP: 11/15
  6132 | D:6      | Reached skill level 5 in Invocations
  6531 | D:7      | Reached skill level 8 in Earth Magic
  6551 | D:7      | Learned a level 4 spell: Petrify
  6574 | D:7      | Slain by an orc warrior

Illustrated notes

Levels and vault maps discovered:
D:1:      ebering_trefoil_3fold, layout_basic, nicolae_figureground_pulse
D:2:      layout_rooms, basic_altar
D:3:      layout_loops_ring, dreamdust_ecumenical_altar_drowned_temple,
          uniq_natasha
D:4:      layout_gridville, minmay_temple_entry_glassed_door, serial_shops,
          shop, serial_co_window_serial, co_window_of_opportunity_a,
          co_window_corner_a, co_window_corner_a, co_window_corner_a,
          co_window_corner_a, co_window_of_opportunity_a, co_window_broadway_b,
          co_window_cross_4, co_window_paths_c, co_window_broadway_c,
          co_window_paths_e, glass_columns_a, glass_columns_b, glass_columns_a,
          glass_columns_c, glass_columns_b, kennysheep_generic_room_9
D:5:      layout_loops_ring, mainiacjoe_overflow_alcove_4,
          mainiacjoe_overflow_two_lobes, uniq_crazy_yiuf_cottage
D:6:      layout_rooms, amcnicky_altar_gilded, nicolae_benzene_ring
D:7:      layout_loops_ring, kennysheep_mini_moat
Temple:   hellmonk_temple_two_chambers

Skill      XL: |  1  2  3  4  5  6  7  8  9 |
---------------+----------------------------+-----
Earth Magic    | 4 5 6 7 8 |  8.1
Transmutations | 2 3 |  3.0
Fighting       | 1 2 3 4 |  4.4
Shields        | 1 2 3 4 |  4.1
Spellcasting   | 3 4 |  4.7
Conjurations   | 1 2 3 |  3.0
Invocations    | 1 2 4 5 |  5.7
Armour         | 1 2 |  2.7
Dodging        | |  1.7
Stealth        | |  2.4

Action                     |  1- 3 |  4- 6 |  7- 9 || total
---------------------------+-------+-------+-------++-------
  Melee: Dagger            |     9 |     8 |    87 ||   104
  Throw: Dart              |       |       |     1 ||     1
         Throwing net      |       |       |     1 ||     1
   Cast: Sandblast         |    32 |    59 |   122 ||   213
         Stone Arrow       |       |       |     1 ||     1
  Evoke: Wand              |       |     1 |       ||     1
    Use: Scroll            |       |       |     4 ||     4
         Potion            |       |       |     3 ||     3
   Stab: Sleeping          |     3 |       |     1 ||     4
 Armour: Robe              |     3 |     4 |       ||     7
         Ring mail         |       |     4 |    75 ||    79
  Dodge: Dodged            |    10 |    14 |    92 ||   116
  Block: Buckler           |     1 |     7 |    57 ||    65
